 Dungeon Crawl Stone Soup version 0.29.0-4-gdea44cf6ec (webtiles) character file.

Game seed: 1852881578957213418

25 qw the Chopper (level 3, 0/21 HPs)
             Began as a Tengu Warper on Aug 28, 2022.
             Succumbed to their own poison gas
             ... on level 1 of the Dungeon.
             The game lasted 00:00:05 (970 turns).

qw the Chopper (Tengu Warper)                        Turns: 970, Time: 00:00:06

Health: 0/21       AC:  4    Str: 13    XL:     3   Next: 4%
Magic:  7/7        EV: 12    Int: 13    God:
Gold:   36         SH:  0    Dex: 13    Spells: 6/6 levels left

rFire   . . .      SeeInvis .   Y - +0 hand axe
rCold   . . .      Faith    .   (no shield)
rNeg    . . .      Spirit   .   b - +0 leather armour
rPois   .          Reflect  .   (helmet restricted)
rElec   .          Harm     .   (no cloak)
rCorr   .          Rampage  .   i - +0 pair of gloves
Will    .....                   (boots unavailable)
Stlth   +.........              (no amulet)
HPRegen 0.07/turn               (no ring)
MPRegen 0.10/turn               (no ring)

@: lethally poisoned (0 -> -7), invisible
A: beak, talons 3
a: no special abilities


You were on level 1 of the Dungeon.
You visited 1 branch of the dungeon, and saw 1 of its levels.

You collected 36 gold pieces.


Innate Abilities, Weirdness & Mutations

You have a beak for a mouth.
You have claws for feet.


   Skills:
 - Level 2.0 Fighting
 + Level 3.8 Axes
 - Level 1.0 Throwing
 - Level 1.1 Armour
 - Level 2.1 Dodging
 - Level 2.0 Spellcasting
 - Level 2.4 Translocations


You had 6 spell levels left.
You didn't know any spells.
Your spell library contained the following spells:

 Spells                   Type           Power      Damage    Failure   Level
 Blink                    Tloc           14%        N/A       19%         2
 Gell's Gravitas          Tloc           7%         N/A       36%         3
 Lesser Beckoning         Tloc           7%         N/A       36%         3
 Teleport Other           Tloc           7%         N/A       36%         3
 Manifold Assault         Tloc           7%         N/A       98%         5

Inventory:

Hand Weapons
 d - a +0 club
 Y - a +0 hand axe (weapon)
Armour
 b - a +0 leather armour (worn)
 i - a +0 pair of gloves (worn)
Potions
 e - a potion of lignification {unknown}
 k - a potion of brilliance {unknown}
 l - a potion of heal wounds {unknown}

Dungeon Overview and Level Annotations

Branches:
Dungeon (1/15)

Altars:


Message History

960 ||| READING scroll labelled ECWALE XAICATI.
The air fills with toxic fumes!
As you read the scroll labelled ECWALE XAICATI, it crumbles to dust.
It was a scroll of poison.
Done exploring.
961 ||| READING scroll labelled QUQERE FELEIGGO.
As you read the scroll labelled QUQERE FELEIGGO, it crumbles to dust.
You assume a fearsome visage.
Nothing appears to happen.
It was a scroll of fear.
Done exploring.
962 ||| DRINKING 2 smoky orange potions.
It was a potion of invisibility.
You fade into invisibility!
Done exploring.
963 ||| DROPPING scroll of blinking.
You drop a scroll of blinking.
Done exploring.
964 ||| DROPPING potion of invisibility.
You drop a potion of invisibility.
Done exploring.
(D) Dungeon
Where to? (* - list waypoints, ? - help)
What level of the Dungeon? (default 1, ? - help) Sorry, I don't know how to get there.
Done exploring.
965 ||| Stepping randomly (stuck).
Really walk into that cloud of poison gas?
You are lethally poisoned!
You feel very sick.
966 ||| Stepping ~*~*~tactically~*~*~ (cloud).
You feel very sick.
Things that are here:
a potion of invisibility; a scroll of blinking; a ring of magical power
There is a lethal amount of poison in your body!
You feel very sick.
There is a lethal amount of poison in your body!
You feel very sick.
There is a lethal amount of poison in your body!
You feel sick.
There is a lethal amount of poison in your body!
You die...

#.......#........#...#
#00¤.¤¤¤0#¤¤¤....#.#.#
##¤.0¤¤¤0000¤....#.#..
#00000¤¤0¤¤¤...#..###
#.¤0¤¤000¤0¤...#..#
#¤¤¤00¤¤0.00..#...#
#¤¤¤¤¤0¤0..¤.#....#
#0.0.0¤¤¤00##.....#
#000@######.......#
#¤0.#¤.....#......#
################### ##
#.


There were no monsters in sight!

Vanquished Creatures
  A dart slug (D:1)
  4 ball pythons (D:1)
  2 endoplasms (D:1)
  A giant cockroach (D:1)
  3 goblins (D:1)
  A hobgoblin (D:1)
  2 bats (D:1)
  A frilled lizard (D:1)
  4 kobolds (D:1)
  3 rats (D:1)
22 creatures vanquished.

Notes
Turn   | Place    | Note
-------+----------+-------------------------------------------
     0 | D:1      | qw the Tengu Warper began the quest for the Orb.
     0 | D:1      | Reached XP level 1. HP: 12/12 MP: 4/4
     0 | D:1      | 0 ||| qw: Version: 0.1-a-89-g26bdef1
     0 | D:1      | 0 ||| qw: Game counter: 905
     0 | D:1      | 0 ||| qw: Always use a shield: true
     0 | D:1      | 0 ||| qw: God list: Okawaru
     0 | D:1      | 0 ||| qw: Allow faded altars: false
     0 | D:1      | 0 ||| qw: Do Orc after D:15 true
     0 | D:1      | 0 ||| qw: Do second Lair branch before Depths: true
     0 | D:1      | 0 ||| qw: Lair rune preference: random
     0 | D:1      | 0 ||| qw: Plans: Normal
     0 | D:1      | 0 ||| PLANNING D:1-11
   107 | D:1      | 107 ||| Stepping ~*~*~tactically~*~*~ (hiding).
   209 | D:1      | 209 ||| Stepping ~*~*~tactically~*~*~ (hiding).
   222 | D:1      | Reached XP level 2. HP: 17/17 MP: 6/6
   227 | D:1      | Reached skill level 3 in Axes
   790 | D:1      | Reached XP level 3. HP: 20/21 MP: 7/7
   954 | D:1      | 954 ||| UPGRADING to +0 pair of gloves.
   959 | D:1      | 959 ||| DROPPING ring of magical power.
   960 | D:1      | 960 ||| READING scroll labelled ECWALE XAICATI.
   961 | D:1      | 961 ||| READING scroll labelled QUQERE FELEIGGO.
   962 | D:1      | 962 ||| DRINKING 2 smoky orange potions.
   963 | D:1      | 963 ||| DROPPING scroll of blinking.
   964 | D:1      | 964 ||| DROPPING potion of invisibility.
   965 | D:1      | 965 ||| Stepping randomly (stuck).
   966 | D:1      | 966 ||| Stepping ~*~*~tactically~*~*~ (cloud).
   968 | D:1      | HP: 3/21 [poisoned by you (poison gas)]
   969 | D:1      | HP: 1/21 [poisoned by you (poison gas)]
   970 | D:1      | Succumbed to their own poison gas

Levels and vault maps discovered:
D:1:      dpeg_arrival_solitude, layout_basic, corexii_corridor_pit,
          grunt_decor_one_mirror, minmay_quantized

Skill      XL: |  1  2 |
---------------+-------+-----
Axes           | 3 |  3.8
Fighting       | |  2.0
Throwing       | |  1.0
Armour         | |  1.1
Dodging        | |  2.1
Spellcasting   | |  2.0
Translocations | |  2.4

Action                   || total
-------------------------++-------
Melee: Hand axe          ||    45
       Kick              ||     6
       Peck              ||     5
Throw: Boomerang         ||     7
  Use: Scroll            ||     2
       Potion            ||     1
Armor: Leather armour    ||     9
Dodge: Dodged            ||    22

Table legend:
 A = Non-vault XP
 B = Vault XP
 C = Vault XP percentage of total XP
 D = Non-vault monster count
 E = Vault monster count
 F = Vault count percentage of total count
                 A         B        C        D         E       F
            +---------+---------+-------+---------+---------+-------
      Total |      32 |       4 |  11.1 |      19 |       3 |  13.6
            +---------+---------+-------+---------+---------+-------
        D:1 |      32 |       4 |  11.1 |      19 |       3 |  13.6
            +---------+---------+-------+---------+---------+-------
